 Dungeon Crawl Stone Soup version 0.25.1-2-g60ff931 (webtiles) character file.

Game seed: 1913016289372999469

1026 Atlas the Thaumaturge (level 8, -9/53 HPs)
             Began as a Mummy Ice Elementalist on Aug 26, 2020.
             Killed from afar by Dowan (14 damage)
             ... with a shard of ice
             ... on level 5 of the Dungeon.
             The game lasted 00:05:16 (4183 turns).

Atlas the Thaumaturge (Mummy Ice Elementalist)      Turns: 4183, Time: 00:05:17

Health: -9/53      AC:  7    Str: 11    XL:     8   Next: 2%
Magic:  6/29       EV: 12    Int: 17    God:
Gold:   257        SH:  0    Dex: 12    Spells: 12/23 levels left

rFire    x . .     SeeInvis .     - Unarmed
rCold    + . .     Gourm    .   (no shield)
rNeg     + + +     Faith    .   a - +0 robe
rPois    ∞         Spirit   .   e - +0 hat
rElec    .         Reflect  .   m - +0 cloak (curse)
rCorr    .         Harm     .   (no gloves)
MR       +....                  (no boots)
Stlth    ++........             (no amulet)
HPRegen  0.17/turn              d - +4 ring of protection
MPRegen  0.21/turn              i - ring of magical power

@: frozen ramparts
A: no food or potions, fire vulnerability, cold resistance 1, negative energy
resistance 3, torment resistance, unbreathing
a: no special abilities


You were on level 5 of the Dungeon.
You were not hungry.

You visited 1 branch of the dungeon, and saw 5 of its levels.

You collected 257 gold pieces.

Inventory:

Armour
 a - a +0 robe (worn)
 e - a +0 hat (worn)
 m - a cursed +0 cloak (worn)
Jewellery
 d - a +4 ring of protection (left hand)
 i - a ring of magical power (right hand)
 k - an uncursed ring of stealth
 l - an uncursed ring of ice
Wands
 o - a wand of paralysis (4)
Scrolls
 b - a scroll of fear
 c - 2 scrolls of remove curse
 f - a scroll of amnesia
 g - 2 scrolls of blinking
 h - a scroll of teleportation
 j - a scroll of enchant armour {unknown}
 n - a scroll of fog {unknown}


   Skills:
 + Level 0.3 Fighting
 + Level 2.3 Dodging
 + Level 2.3 Stealth
 + Level 1.4 Unarmed Combat
 + Level 8.1 Spellcasting
 + Level 5.7 Ice Magic


You had 12 spell levels left.
You knew the following spells:

 Your Spells              Type           Power        Failure   Level  Hunger
a - Freeze                Ice            ####         1%          1    N/A
b - Frozen Ramparts       Ice            ####..       3%          3    N/A
c - Ozocubu's Armour      Chrm/Ice       ###.....     10%         3    N/A
d - Summon Ice Beast      Ice/Summ       ###.....     32%         4    N/A

Your spell library contained the following spells:

 Spells                   Type           Power        Failure   Level  Hunger
 Hailstorm                Conj/Ice       ###.....     32%         4    N/A

Dungeon Overview and Level Annotations

Branches:
Dungeon (5/15)
 Temple: D:4-7

Altars:
Ashenzari
Hepliaklqana
Okawaru
Qazlal
Trog
Yredelemnul
The Shining One

Shops:
D:5 (

Annotations:
D:5 Dowan


Innate Abilities, Weirdness & Mutations

You do not eat or drink.
Your flesh is vulnerable to fire.
You are immune to poison.
Your flesh is cold resistant. (rC+)
You are immune to negative energy. (rN+++)
You are immune to unholy pain and torment.
You can survive without breathing.


Message History

The hungry ghost completely resists.
The wall freezes the hungry ghost but do no damage.
Dowan points at you and mumbles some strange words.
The shard of ice hits you! You partially resist.
* * * LOW HITPOINT WARNING * * *
Your icy armour cracks and falls away as you move.
The frozen ramparts melt away.
Casting: Freeze (safe; 1% risk of failure)
Confirm with . or Enter, or press ? or * to list all spells.
The walls around you are covered in ice.
The ice beast completely resists.
The wall freezes the ice beast but do no damage.
The hungry ghost completely resists.
The wall freezes the hungry ghost but do no damage.
The hungry ghost barely misses you.
The ice beast completely resists.
The wall freezes the ice beast but do no damage.
Dowan casts a spell at you. The shard of ice hits you! You partially resist.
You die...

####### .......
....... .......
.......
.......#########
....>(.@.WY....#
......e.######...#
......... %......
.......... .......
..........$
.......
.####.......
.∩..... #.....[..
.....Y. #
#................
.


You could see a hungry ghost, an ice beast and Dowan (fast).

Vanquished Creatures
  Prince Ribbit (D:4)
  Duvessa (D:5)
  2 ogres (D:4)
  Blork the orc (D:5)
  2 crimson imps
  A bullfrog zombie (D:5)
  2 hounds
  3 orc priests
  3 orc wizards (D:5)
  Terence (D:2)
  A worker ant (D:5)
  4 adders
  An adder zombie (D:5)
  3 worms
  2 leopard geckos
  13 orcs
  4 giant cockroaches
  7 goblins
  6 hobgoblins
  5 kobolds
  A quokka (D:3)
  A ball python (D:4)
  6 bats
  3 frilled lizards
  A quokka skeleton (D:4)
  11 rats
86 creatures vanquished.

Notes
Turn   | Place    | Note
-------+----------+-------------------------------------------
     0 | D:1      | Atlas the Mummy Ice Elementalist began the quest for the
                  | Orb.
     0 | D:1      | Reached XP level 1. HP: 13/13 MP: 4/4
   585 | D:1      | Reached XP level 2. HP: 19/19 MP: 3/5
  1039 | D:2      | Reached skill level 3 in Spellcasting
  1077 | D:2      | Found a hazy altar of Hepliaklqana.
  1148 | D:2      | Noticed a crimson imp
  1156 | D:2      | Killed a crimson imp
  1156 | D:2      | Reached XP level 3. HP: 24/24 MP: 2/8
  1161 | D:2      | Learned a level 3 spell: Frozen Ramparts
  1460 | D:2      | Noticed Terence
  1469 | D:2      | Killed Terence
  1469 | D:2      | Reached skill level 4 in Spellcasting
  1469 | D:2      | Reached XP level 4. HP: 27/30 MP: 10/10
  1509 | D:2      | Noticed a moth of wrath
  1512 | D:2      | Found a bloodstained altar of Trog.
  1663 | D:2      | Found an iron altar of Okawaru.
  2255 | D:3      | Reached XP level 5. HP: 35/35 MP: 12/12
  2343 | D:3      | Reached skill level 5 in Spellcasting
  2703 | D:3      | Found a faded altar of an unknown god.
  2798 | D:4      | Found a basalt altar of Yredelemnul.
  2799 | D:4      | Found a glowing golden altar of the Shining One.
  2800 | D:4      | Found a stormy altar of Qazlal.
  2800 | D:4      | Found a shattered altar of Ashenzari.
  2874 | D:4      | Noticed an ogre
  2889 | D:4      | Killed an ogre
  2889 | D:4      | Reached XP level 6. HP: 26/41 MP: 14/14
  3164 | D:4      | Reached skill level 6 in Spellcasting
  3237 | D:4      | Reached skill level 5 in Ice Magic
  3624 | D:5      | Entered Level 5 of the Dungeon
  3638 | D:5      | Reached XP level 7. HP: 40/46 MP: 14/16
  3877 | D:5      | Noticed Prince Ribbit
  3893 | D:4      | Killed Prince Ribbit
  3893 | D:4      | Reached skill level 1 in Unarmed Combat
  3893 | D:4      | Reached skill level 7 in Spellcasting
  4092 | D:4      | Learned a level 3 spell: Ozocubu's Armour
  4097 | D:4      | Learned a level 4 spell: Summon Ice Beast
  4140 | D:5      | Noticed a hungry ghost
  4142 | D:5      | Noticed Blork the orc
  4146 | D:5      | Noticed Duvessa
  4150 | D:5      | Noticed Dowan
  4163 | D:5      | Found Ugumiz's Weapon Emporium.
  4170 | D:5      | Killed Blork the orc
  4180 | D:5      | Killed Duvessa
  4180 | D:5      | Reached skill level 8 in Spellcasting
  4180 | D:5      | Reached XP level 8. HP: 17/53 MP: 8/20
  4183 | D:5      | Killed from afar by Dowan

Illustrated notes

Levels and vault maps discovered:
D:1:      saegor_arrival_simple_e, layout_rooms, minmay_misc_feat_x
D:2:      layout_basic, old_standard_altar, tgw_trog, marbit_many_paths,
          chequers_garden, minmay_tripent, uniq_terence
D:3:      layout_rooms, chequers_ecumenical_altar_simple_redux,
          corexii_item_surrounded_by_moat
D:4:      layout_loops_ring, grunt_temple_overflow_open
D:5:      layout_rooms, serial_shops, shop, first_ration, uniq_prince_ribbit1,
          uniq_blork_the_orc, uniq_duvessa

Skill      XL: |  1  2  3  4  5  6  7 |
---------------+----------------------+-----
Spellcasting   | 3 4 5 6 8 |  8.1
Ice Magic      | 4 5 |  5.7
Stealth        | 2 |  2.3
Dodging        | 2 |  2.3
Unarmed Combat | 1 |  1.4
Fighting       | |  0.3

Action                   |  1- 3 |  4- 6 |  7- 9 || total
-------------------------+-------+-------+-------++-------
Melee: Unarmed           |     7 |    10 |    48 ||    65
 Cast: Freeze            |    34 |    57 |    22 ||   113
       Frozen Ramparts   |     1 |    11 |     5 ||    17
       Ozocubu's Armour  |       |       |     2 ||     2
Evoke: Wand              |       |       |     4 ||     4
  Use: Scroll            |       |     9 |     1 ||    10
 Stab: Distracted        |       |     1 |       ||     1
Armor: Robe              |    11 |    19 |    29 ||    59
Dodge: Dodged            |    17 |    33 |    43 ||    93
